 Dungeon Sprint DCSS version 0.31-a0-1009-g454b1f1e0a (webtiles) character file.

Game seed: 13683969674344873356

3003 Revguard the Fighter (level 9, -2/89 HPs)
             Began as a Green Draconian Shapeshifter on Nov 16, 2023.
             Was a Believer of Wu Jian.
             Slain by a draconian
             ... wielding a +0 mace
              (13 damage)
             ... in the Dungeon (Sprint V: "Ziggurat Sprint").
             The game lasted 00:04:09 (237 turns).

Revguard the Fighter (Green Draconian Shapeshifter)  Turns: 237, Time: 00:04:10

Health: -2/89      AC:  7    Str: 30    XL:     9   Next: 54%
Magic:  9/9        EV: 16    Int: 11    God:    Wu Jian [**....]
Gold:   0          SH:  0    Dex: 13    Spells: 8/8 levels left

rFire   . .          .
                       - Unarmed
rCold   . . .        (no shield)
rNeg    . . .        (body armour unavailable)
rPois   +            (helmet currently unavailable)
rElec   .            (cloak currently unavailable)
rCorr   .            (gloves currently unavailable)
SInv    .            (boots currently unavailable)
Will    .....        (no amulet)
Stlth   +            A - +6 ring of strength
HPRegen 0.34/turn    B - +6 ring of strength
MPRegen 0.11/turn

%: no teleportation
@: beast-form
A: beast (slay +4), breathe noxious fumes, AC +7, unfitting armour, poison
resistance, cold-blooded
a: Breathe Noxious Fumes, Begin Untransformation, Renounce Religion, Wall Jump


You were in the Dungeon.
You worshipped Wu Jian.
Wu Jian was pleased with you.
You were a hulking beast.
You visited 1 branch

Inventory:

Jewellery
 m - a ring of protection from fire
 v - a ring of flight
 w - a +6 ring of dexterity
 x - a +6 ring of dexterity
 y - a +6 ring of intelligence
 z - a +6 ring of intelligence
 A - a +6 ring of strength (left hand)
 B - a +6 ring of strength (right hand)
Talismans
 b - a beast talisman
 c - a flux talisman
 C - a blade talisman
Wands
 s - a wand of mindburst (3)
 u - a wand of quicksilver (6)
Scrolls
 i - 4 scrolls of blinking
 o - 4 scrolls of amnesia
 p - 7 scrolls of fog
 q - 5 scrolls of identify
Potions
 a - a potion of lignification
 d - 10 potions of curing
 e - 8 potions of heal wounds
 f - 6 potions of haste
 g - 7 potions of magic
 h - 3 potions of berserk rage
 j - 2 potions of brilliance
 k - 2 potions of invisibility
 l - 4 potions of resistance
 n - 5 potions of might


   Skills:
 + Level 11.0 Fighting
 + Level 9.4 Dodging
 + Level 10.5 Unarmed Combat
 + Level 10.0 Evocations
 + Level 10.1 Shapeshifting


You had 8 spell levels left.
You didn't know any spells.
Your spell library contained the following spells:

 Spells                   Type           Power      Damage    Failure   Level
 Shock                    Conj/Air       0%         1d3       34%         1
 Vhi's Electric Charge    Tloc/Air       0%         N/A       98%         4
 Alistair's Intoxication  Tmut/Pois      0%         N/A       100%        5
 Chain Lightning          Conj/Air       0%         N/A       100%        9


Dungeon Overview and Level Annotations

Branches:
Dungeon (1/1)

Altars:
Ashenzari
Cheibriados
Dithmenos
Elyvilon
Fedhas
Gozag
Hepliaklqana
Kikubaaqudgha
Makhleb
Nemelex Xobeh
Okawaru
Qazlal
Ru
Sif Muna
Trog
Uskayaw
Vehumet
Wu Jian
Xom
Yredelemnul
Zin
The Shining One
Jiyva
Lugonu

Annotations:
D 1 transporter


Innate Abilities, Weirdness & Mutations

You are a hulking beast.
Your limbs bulge with bestial killing power. (Slay +4)
You can breathe blasts of noxious fumes.
Your lurid green scales are hard. (AC +7)
You cannot fit into any form of body armour.
Your system is resistant to poisons. (rPois)
You are cold-blooded and may be slowed by cold attacks.


Message History

Your Fighting skill increases to level 11!
Your Evocations skill increases to level 10!
Your Shapeshifting skill increases to level 10!
You punch the draconian!
The draconian is lightly wounded.
The draconian closely misses you.
You pummel the draconian!!
The draconian is heavily wounded.
The draconian misses you.
You barely miss the draconian.
The draconian is heavily wounded.
The draconian barely misses you.
You hit the draconian.
You tail-slap the draconian, but do no damage.
The draconian is heavily wounded.
You hit the draconian but do no damage.
You tail-slap the draconian, but do no damage.
The draconian is heavily wounded.
The draconian completely misses you.
You closely miss the draconian.
The draconian is heavily wounded.
The draconian hits you with a +0 mace.
You punch the draconian!
The draconian is severely wounded.
The draconian hits you with a +0 mace!
* * * LOW HITPOINT WARNING * * *
You barely miss the draconian.
You punch the draconian, but do no damage.
The draconian is severely wounded.
The draconian hits you but does no damage.
You punch the draconian! You tail-slap the draconian.
The draconian is almost dead.
You punch the draconian!
The draconian is almost dead.
The draconian hits you with a +0 mace!
* * * LOW HITPOINT WARNING * * *
You closely miss the draconian.
The draconian is almost dead.
The draconian hits you with a +0 mace!
You die...

▓▓▓▓▓▓▓▓▓▓▓▓▓▓▓▓▓▓▓
▓.8©8.▓.8©8.▓.8©8.▓
▓.=)|.▓.)...▓.)...▓
▓../..▓.....▓.|.).▓
▓.....▓.)...▓.....▓
▓...)d▓..)).▓.....▓
▓...)h▓.....▓..©..▓
▓..©..▓..©..▓▓▓▓▓▓▓
▓▓▓▓▓▓▓▓▓▓▓▓▓


You could see a draconian.

Vanquished Creatures
  2 two-headed ogres (D)
  5 draconians (D)
  An ogre (D)
8 creatures vanquished.

Notes
Turn   | Place    | Note
-------+----------+-------------------------------------------
     0 | D        | Revguard the Draconian Shapeshifter began the quest for the
                  | Orb.
     0 | D        | Reached XP level 1. HP: 16/16 MP: 1/1
     0 | D        | Found a shimmering blue altar of Sif Muna.
     0 | D        | Found a sacrificial altar of Ru.
     0 | D        | Found a bloodstained altar of Trog.
     0 | D        | Found a stormy altar of Qazlal.
     0 | D        | Found an iron altar of Okawaru.
     0 | D        | Found a sparkling altar of Nemelex Xobeh.
     0 | D        | Found a blossoming altar of Fedhas.
     0 | D        | Found the +6 Majin-Bo {spellvamp, MP+6 Int+6}
     0 | D        | Found the +27 heavy crossbow "Sniper" {heavy, Acc+∞ SInv}
     0 | D        | Found the +10 dark maul {heavy}
     0 | D        | Found the +15 Maxwell's patent armour {-Cast -Tele rElec
                  | Will+ rCorr}
     0 | D        | Found the +18 shield of the Gong {Loud rN+ Will+ rCorr
                  | EV-5}
     0 | D        | Found the +16 obsidian axe {drain, demonic, Mesm Drain Fly
                  | SInv}
     0 | D        | Found the +7 great mace "Firestarter" {flame, immolate,
                  | rFlCloud rF++}
     0 | D        | Found the +6 shillelagh "Devastator" {shatter}
     0 | D        | Found the +11 plutonium sword {Contam Stlth-}
     0 | D        | Found the +8 lance "Wyrmbane" {slay drac, rPois rF+ rC+
                  | AC+3}
     0 | D        | Found the +9 sword of Zonguldrok {reap}
     0 | D        | Found the +13 scythe of Curses {drain, curses, Drain}
     0 | D        | Found the +9 sword of Power {lifebolt}
     0 | D        | Found the +7 mace of Variability {chaos, chaos arc}
     0 | D        | Found the +11 Singing Sword {sonic wave}
     0 | D        | Found the +8 storm bow {elec, penet}
     2 | D        | Found a transporter.
     2 | D        | Found an ancient bone altar of Kikubaaqudgha.
     2 | D        | Found a viscous altar of Jiyva.
     2 | D        | Found a corrupted altar of Lugonu.
     2 | D        | Found a hazy altar of Hepliaklqana.
     2 | D        | Found a burning altar of Makhleb.
     2 | D        | Found an opulent altar of Gozag.
    29 | D        | Became a worshipper of the Wu Jian Council
    36 | D        | Reached skill level 3 in Fighting
    36 | D        | Reached XP level 2. HP: 26/26 MP: 2/2
    45 | D        | Entered arena 2.
    45 | D        | Noticed a draconian
    45 | D        | Noticed a draconian
    45 | D        | Found a transporter.
    59 | D        | Killed a draconian
    60 | D        | Reached skill level 6 in Fighting
    60 | D        | Reached skill level 5 in Dodging
    60 | D        | Reached XP level 3. HP: 27/38 MP: 3/3
    60 | D        | Reached XP level 4. HP: 32/45 MP: 4/4
    60 | D        | Reached XP level 5. HP: 36/51 MP: 5/5
    60 | D        | Reached XP level 6. HP: 41/58 MP: 6/6
    60 | D        | Killed a draconian
    61 | D        | Reached skill level 8 in Fighting
    61 | D        | Your scales start taking on a lurid green colour.
    61 | D        | Reached XP level 7. HP: 49/68 MP: 7/7
    61 | D        | Gained mutation: Your system is resistant to poisons.
                  | (rPois) [Green Draconian growth]
   122 | D        | Entered arena 3.
   122 | D        | Noticed a two-headed ogre
   122 | D        | Noticed a two-headed ogre
   122 | D        | Found a transporter.
   124 | D        | Reached * piety under Wu Jian
   125 | D        | Killed a two-headed ogre
   126 | D        | Reached skill level 9 in Fighting
   126 | D        | Reached XP level 8. HP: 51/78 MP: 8/8
   126 | D        | Killed a two-headed ogre
   127 | D        | Reached skill level 10 in Fighting
   139 | D        | Got the Codex of the Fulgurous Queen Bee
   210 | D        | Entered arena 4.
   210 | D        | Noticed a draconian
   210 | D        | Noticed a draconian
   210 | D        | Noticed a draconian
   210 | D        | Noticed a draconian
   210 | D        | Found a transporter.
   218 | D        | Killed a draconian
   218 | D        | Reached ** piety under Wu Jian
   219 | D        | Reached skill level 10 in Unarmed Combat
   219 | D        | Reached XP level 9. HP: 20/86 MP: 9/9
   220 | D        | Killed a draconian
   226 | D        | Killed a draconian
   227 | D        | Reached skill level 11 in Fighting
   227 | D        | Reached skill level 10 in Evocations
   227 | D        | Reached skill level 10 in Shapeshifting
   237 | D        | Slain by a draconian

Illustrated notes

Levels and vault maps discovered:
D:        sprint_v [room_start, room_1, room_2, room_3, room_4, room_5, room_6,
          room_7, room_8, room_9, room_10, room_11, room_12, room_13, room_14,
          room_15, room_16, room_17, room_18, room_19, room_20, room_21,
          room_22, room_23, room_24, room_25, room_26, room_27]

Skill      XL: |  1  2  3  4  5  6  7  8  9 |
---------------+----------------------------+-----
Fighting       | 3 6 8 9 10 11 | 11.0
Dodging        | 3 5 6 7 8 9 |  9.4
Unarmed Combat | 4 6 7 8 10 | 10.5
Evocations     | 2 6 7 8 9 10 | 10.0
Shapeshifting  | 4 7 8 9 10 | 10.1

Action                     |  1- 3 |  4- 6 |  7- 9 || total
---------------------------+-------+-------+-------++-------
  Melee: Unarmed           |     2 |       |    24 ||    26
         Tailslap          |       |       |     6 ||     6
         Punch             |       |       |     1 ||     1
Ability: Lunge             |     1 |       |     2 ||     3
         Whirlwind         |       |       |     4 ||     4
  Evoke: Wand              |     5 |     1 |     6 ||    12
    Use: Potion            |     1 |       |     2 ||     3
         Scroll            |     2 |       |       ||     2
 Armour: Skin              |     1 |       |    25 ||    26
  Dodge: Dodged            |     1 |       |    17 ||    18

Table legend: (Time is in decaauts)
 A = Elapsed time spent in this place.
 B = Non-inter-level travel time spent in this place.
 C = Inter-level travel time spent in this place.
 D = Time resting spent in this place.
 E = Time spent auto-exploring this place.
 F = Levels seen in this place.
 G = Mean time per level.
                   A        B        C        D        E       F      G
               +--------+--------+--------+--------+--------+-----+--------+
         Total |    232 |    232 |      0 |    119 |      0 |   1 |  232.0 |
       Dungeon |    232 |    232 |      0 |    119 |      0 |   1 |  232.0 |
               +--------+--------+--------+--------+--------+-----+--------+

Top non-repeatable levels by time:
       D: 232 daAuts
